 Dungeon Crawl Stone Soup version 0.29-a0-330-g52719c12eb (webtiles) character file.

Game seed: 4756824994439518054

43 Armakuni the Ruffian (level 3, -5/33 HPs)
             Began as a Troll Hedge Wizard on May 27, 2022.
             Slain by an iguana (9 damage)
             ... on level 3 of the Dungeon.
             The game lasted 00:04:28 (1006 turns).

Armakuni the Ruffian (Troll Hedge Wizard)           Turns: 1006, Time: 00:04:29

Health: -5/33      AC:  5    Str: 18    XL:     3   Next: 37%
Magic:  5/5        EV:  9    Int: 12    God:
Gold:   135        SH:  0    Dex:  9    Spells: 0/6 levels left

rFire   . . .      SeeInvis .     - Unarmed
rCold   . . .      Faith    .   (no shield)
rNeg    . . .      Spirit   .   b - +0 robe
rPois   .          Reflect  .   c - +0 hat
rElec   .          Harm     .   j - +0 cloak
rCorr   .          Rampage  .   (gloves unavailable)
Will    .....                   (boots unavailable)
Stlth   +.........              (no amulet)
HPRegen 0.91/turn               (no ring)
MPRegen 0.09/turn               (no ring)

@: no status effects
A: large, unfitting armour, claws 3, regeneration 1, shaggy fur 1, tough skin 1
a: no special abilities


You were on level 3 of the Dungeon.
You visited 1 branch of the dungeon, and saw 3 of its levels.

You collected 135 gold pieces.

Inventory:

Missiles
 f - a throwing net
 i - 5 poisoned darts
Armour
 b - a +0 robe (worn)
 c - a +0 hat (worn)
 j - a +0 cloak (worn)
Magical Staves
 h - a staff of poison
 n - a staff of conjuration
Scrolls
 e - a scroll of amnesia {unknown}
 k - 2 scrolls of identify {unknown}
 l - a scroll of blinking {unknown}
 m - a scroll of magic mapping {unknown}
Potions
 a - 6 potions of curing
 d - a potion of magic
 g - a potion of resistance {unknown}


   Skills:
 + Level 1.6 Fighting
 - Level 1.5 Dodging
 - Level 1.0 Stealth
 + Level 2.1 Unarmed Combat
 - Level 2.0 Spellcasting
 - Level 0.6 Conjurations
 - Level 0.6 Summonings
 - Level 0.6 Translocations


You couldn't memorise any spells.
You knew the following spells:

 Your Spells              Type           Power      Damage    Failure   Level
a - Magic Dart            Conj           8%         1d3       22%         1
b - Blink                 Tloc           4%         N/A       32%         2
m - Mephitic Cloud        Conj/Pois/Air  1%         N/A       58%         3

Your spell library contained the following spells:

 Spells                   Type           Power      Damage    Failure   Level
 Slow                     Hex            4%         N/A       26%         1
 Call Imp                 Summ           2%         N/A       32%         2
 Conjure Flame            Conj/Fire      1%         6-21      58%         3


Dungeon Overview and Level Annotations

Branches:
Dungeon (3/15)

Altars:

Shops:
D:1 (

Annotations:
D:2 Sigmund


Innate Abilities, Weirdness & Mutations

You are too large for most types of armour.
You have claws for hands.
Your natural rate of healing is unusually fast.
You are covered in fur. (AC +1)
You have tough skin. (AC +1)


Message History

The endoplasm hits you but does no damage.
You claw the endoplasm!
You kill the endoplasm!
k - 2 scrolls labelled ZUQUSHRAFOI (gained 1)
Found a stone staircase leading down.
You now have 135 gold pieces (gained 13).
f - a throwing net
g - a fuming amethyst potion An iguana comes into view.
An adder comes into view.
The adder hisses angrily.
The iguana barely misses you.
You scratch the iguana.
The iguana is lightly wounded.
The iguana bites you!
You scratch the iguana.
The iguana is moderately wounded.
The iguana bites you.
You barely miss the iguana.
The iguana is moderately wounded.
The iguana barely misses you.
You barely miss the iguana.
The iguana is moderately wounded.
The iguana bites you!
You are too injured to fight recklessly!
You are too injured to fight recklessly!
You barely miss the iguana.
The iguana is moderately wounded.
The iguana closely misses you.
You scratch the iguana.
The iguana is moderately wounded.
The iguana bites you.
You scratch the iguana but do no damage.
The iguana is moderately wounded.
The iguana bites you!
* * * LOW HITPOINT WARNING * * *
You scratch the iguana but do no damage.
The iguana is moderately wounded.
The iguana bites you!
You die...

.## #.# #.# .#
#.# #.# ##
#.#####.# #
#.......# #
####.#### # #
#.# ... #.#
.....#######.#
#....Sl@.....#
....##########
.


You could see an iguana and an adder.

Vanquished Creatures
  An adder (D:2)
  A dart slug (D:2)
  4 endoplasms
  4 hobgoblins
  4 jackals (D:2)
  2 kobolds
  4 quokkas
  2 ball pythons
  A bat (D:2)
  5 frilled lizards
  A goblin (D:1)
  A rat (D:1)
30 creatures vanquished.

Notes
Turn   | Place    | Note
-------+----------+-------------------------------------------
     0 | D:1      | Armakuni the Troll Hedge Wizard began the quest for the
                  | Orb.
     0 | D:1      | Reached XP level 1. HP: 16/16 MP: 2/2
    37 | D:1      | Found Puompops's Weapon Shop.
   168 | D:1      | Found a faded altar of an unknown god.
   278 | D:1      | Reached skill level 1 in Unarmed Combat
   280 | D:1      | Reached XP level 2. HP: 25/26 MP: 4/4
   356 | D:1      | Reached skill level 1 in Fighting
   720 | D:2      | Reached XP level 3. HP: 26/33 MP: 5/5
   769 | D:2      | Learned a level 3 spell: Mephitic Cloud
   772 | D:2      | Learned a level 2 spell: Blink
   811 | D:2      | Noticed Sigmund
  1006 | D:3      | Slain by an iguana

Illustrated notes

Levels and vault maps discovered:
D:1:      dreamdust_arrival_sigmund_warning, layout_rooms,
          basic_ecumenical_altar, serial_curves, eino_curves_03, eino_curves_03,
          eino_curves_04, eino_curves_04, serial_shops, shop
D:2:      layout_rooms, uniq_sigmund
D:3:      layout_loops_corners, minmay_ruptured

Skill      XL: |  1  2  3 |
---------------+----------+-----
Unarmed Combat | 1 2 |  2.1
Fighting       | 1 |  1.6
Dodging        | |  1.5
Stealth        | |  1.0
Spellcasting   | |  2.0
Conjurations   | |  0.6
Summonings     | |  0.6
Translocations | |  0.6

Action                   || total
-------------------------++-------
Melee: Unarmed           ||   121
       Punch             ||     1
  Use: Scroll            ||     4
       Potion            ||     1
Armor: Robe              ||    59
Dodge: Dodged            ||    74

Table legend: (Time is in decaauts)
 A = Elapsed time spent in this place.
 B = Non-inter-level travel time spent in this place.
 C = Inter-level travel time spent in this place.
 D = Time resting spent in this place.
 E = Time spent auto-exploring this place.
 F = Levels seen in this place.
 G = Mean time per level.
                   A        B        C        D        E       F      G
               +--------+--------+--------+--------+--------+-----+--------+
         Total |   1001 |    879 |    122 |     16 |    520 |   3 |  333.7 |
       Dungeon |   1001 |    879 |    122 |     16 |    520 |   3 |  333.7 |
               +--------+--------+--------+--------+--------+-----+--------+

Top non-repeatable levels by time:
     D:1: 628 daAuts
     D:2: 244 daAuts
     D:3: 129 daAuts
